 Dungeon Crawl Stone Soup version 0.27-a0-445-gbe96e517c0 (webtiles) character file.

Game seed: 6461120741056739705

856 Patagonicus the Cudgeller (level 7, -3/62 HPs)
             Began as a Minotaur Berserker on Feb 26, 2021.
             Was a Priest of Trog.
             Incinerated by dcsswall's ghost (7 damage)
             ... with a sticky flame
             ... on level 4 of the Dungeon.
             The game lasted 00:08:34 (4596 turns).

Patagonicus the Cudgeller (Minotaur Berserker)      Turns: 4596, Time: 00:08:34

Health: -3/62      AC:  6    Str: 23    XL:     7   Next: 70%
Magic:  6/6        EV: 12    Int:  4    God:    Trog [***...]
Gold:   187        SH:  0    Dex: 10    Spells: 6/6 levels left

rFire    . . .     SeeInvis .   p - +0 flail
rCold    + . .     Faith    .   (no shield)
rNeg     . . .     Spirit   .   q - +0 ring mail {rC+}
rPois    .         Reflect  .   (helmet restricted)
rElec    .         Harm     .   (no cloak)
rCorr    .         Rampage  .   (no gloves)
Will     .....                  (no boots)
Stlth    +.........             (no amulet)
HPRegen  0.20/turn              (no ring)
MPRegen  0.10/turn              (no ring)

@: lethally poisoned (-3 -> -8), liquid flames, berserk cooldown, slowed,
glowing, very slow
A: retaliatory headbutt, horns 2
a: Renounce Religion, Berserk, Trog's Hand


You were on level 4 of the Dungeon.
You worshipped Trog.
Trog was most pleased with you.
You visited 1 branch of the dungeon, and saw 4 of its levels.

You collected 187 gold pieces.

Inventory:

Hand Weapons
 p - a +0 flail (weapon)
Armour
 q - a +0 ring mail of cold resistance (worn)
Wands
 k - a wand of mindburst (19)
Scrolls
 c - a scroll of noise {unknown}
 d - 5 scrolls of identify {unknown}
 e - 4 scrolls of teleportation {unknown}
 i - 2 scrolls of fog {unknown}
 l - 2 scrolls of fear {unknown}
 m - a scroll of magic mapping {unknown}
 n - a scroll of amnesia {unknown}
Potions
 a - a potion of flight {unknown}
 b - 2 potions of heal wounds {unknown}
 f - a potion of lignification {unknown}
 g - a potion of cancellation {unknown}
 h - 6 potions of curing {unknown}
 j - 3 potions of degeneration {unknown}
 o - a potion of mutation {unknown}


   Skills:
 + Level 5.7 Fighting
 + Level 7.7 Maces & Flails
 + Level 5.5 Armour
 + Level 4.0 Dodging
 + Level 1.2 Stealth


You had 6 spell levels left.
You didn't know any spells.
Your spell library was empty.

Dungeon Overview and Level Annotations

Branches:
Dungeon (4/15)             Temple (0/1) D:4

Altars:
Cheibriados
Okawaru
The Shining One

Annotations:
D:4 1 transporter


Innate Abilities, Weirdness & Mutations

You reflexively headbutt those who attack you in melee.
You have a pair of horns on your head.


Message History

* * * LOW HITPOINT WARNING * * *
You barely miss dcsswall's ghost. Your headbutt misses dcsswall's ghost.
Dcsswall's ghost is almost destroyed.
You are covered in liquid flames!
* * * LOW HITPOINT WARNING * * *
You feel sick. The worker ant barely misses you. You furiously retaliate!
You headbutt the worker ant. Dcsswall's ghost barely misses you.
The adder bites you but does no damage.
You miss dcsswall's ghost. You headbutt dcsswall's ghost.
You destroy dcsswall's ghost!
Trog accepts your kill.
Trog appreciates your killing of a magic user.
You are covered in liquid flames!
* * * LOW HITPOINT WARNING * * *
The worker ant bites you but does no damage.
Your Armour skill increases to level 5!
You sock the worker ant!
You kill the worker ant!
Trog accepts your kill.
You are covered in liquid flames!
* * * LOW HITPOINT WARNING * * *
You feel sick. The adder closely misses you.
You sock the adder!
You kill the adder!
Trog accepts your kill.
You are covered in liquid flames!
* * * LOW HITPOINT WARNING * * *
Your Dodging skill increases to level 4!
You are covered in liquid flames!
* * * LOW HITPOINT WARNING * * *
You feel sick.
You see here an adder corpse.
You feel a strong urge to attack something.
You are covered in liquid flames!
* * * LOW HITPOINT WARNING * * *
You are no longer berserk.
You are exhausted.
You feel yourself slow down.
You are covered in liquid flames!
You die...

####............Z.........####.##
#.....#..#########...........#
######†.##8.[?$.8##....####..#
#..#........©#.##.# #..#
##..#.##...##.#.##.####...
#...#.##...##.#...........
#...#....©....#.##.######.
#..)#.##..†##)#...........
###.#.##.@.##.#.##.#..##.. ######
#...#.........#.##.#..#..# .....#
#.#.##8.....8##.##.#....##
#.##.###.#..#########..##.....#'.
......##.##.÷...©(..[.###.#..##..
.........#####....#<#.#.....##..#
...⌠..#..#####......#.#...###..#.
.....[#.....#########....†..##..#
.>........................#..##..


There were no monsters in sight!

Vanquished Creatures
  The ghost of dcsswall the Firebug, an amateur DrFE of Okawaru (D:4)
  An ogre (D:4)
  A howler monkey (D:4)
  A gnoll shaman (D:3)
  2 hounds (D:4)
  3 orc priests
  An iguana (D:4)
  2 orc wizards (D:4)
  A worker ant (D:4)
  5 gnolls
  8 adders
  An ooze (D:1)
  An adder skeleton (D:4)
  2 worms (D:2)
  3 dart slugs
  3 leopard geckos
  9 orcs
  2 ball pythons
  2 giant cockroaches
  5 goblins
  11 hobgoblins
  15 jackals
  3 quokkas
  10 bats
  6 frilled lizards
  7 kobolds
  10 rats
116 creatures vanquished.

Notes
Turn   | Place    | Note
-------+----------+-------------------------------------------
     0 | D:1      | Patagonicus the Minotaur Berserker began the quest for the
                  | Orb.
     0 | D:1      | Reached XP level 1. HP: 19/19 MP: 0/0
   126 | D:1      | Reached skill level 4 in Maces & Flails
   126 | D:1      | Reached XP level 2. HP: 27/27 MP: 1/1
   661 | D:1      | Reached XP level 3. HP: 6/33 MP: 2/2
  1681 | D:2      | Reached ** piety under Trog
  1682 | D:2      | Reached XP level 4. HP: 41/41 MP: 3/3
  1884 | D:2      | Reached skill level 5 in Maces & Flails
  2581 | D:2      | Reached XP level 5. HP: 44/47 MP: 4/4
  2711 | D:3      | Found an iron altar of Okawaru.
  2732 | D:3      | Reached *** piety under Trog
  3209 | D:3      | Reached skill level 6 in Maces & Flails
  3209 | D:3      | Reached XP level 6. HP: 37/55 MP: 5/5
  3210 | D:3      | Reached skill level 5 in Fighting
  3807 | D:4      | Found a snail-covered altar of Cheibriados.
  3808 | D:4      | Noticed a torpor snail
  3810 | D:4      | Noticed a torpor snail
  3811 | D:4      | Noticed a torpor snail
  3822 | D:4      | Reached skill level 1 in Stealth
  3986 | D:4      | Found a transporter.
  4162 | D:4      | Found a glowing golden altar of the Shining One.
  4335 | D:4      | Noticed dcsswall's ghost (amateur DrFE)
  4340 | D:4      | Found a transporter.
  4355 | D:4      | Reached XP level 7. HP: 56/61 MP: 6/6
  4414 | D:4      | Reached skill level 7 in Maces & Flails
  4467 | D:4      | Found a staircase to the Ecumenical Temple.
  4591 | D:4      | Killed dcsswall's ghost
  4592 | D:4      | Reached skill level 5 in Armour
  4596 | D:4      | Incinerated by dcsswall's ghost

Illustrated notes

Levels and vault maps discovered:
D:1:      evilmike_arrival_rings, layout_basic, minivault_11,
          grunt_decor_mini_mirrors
D:2:      layout_loops_cross
D:3:      layout_rooms, okawaru_gym_becter,
          wander_ebering_terrifying_dragon_lair
D:4:      layout_basic, cheibriados_altar_2, tso_metal_star,
          minmay_temple_entry_large_hall, gammafunk_ghost_arena

Skill      XL: |  1  2  3  4  5  6  7 |
---------------+----------------------+-----
Fighting       | 4 5 |  5.7
Maces & Flails | 4 5 6 7 |  7.7
Dodging        | 3 4 |  4.0
Armour         | 3 4 5 |  5.5
Stealth        | 1 |  1.2

Action                   |  1- 3 |  4- 6 |  7- 9 || total
-------------------------+-------+-------+-------++-------
Melee: Mace              |    57 |   136 |       ||   193
       Headbutt          |    12 |    31 |     3 ||    46
       Flail             |       |    41 |    15 ||    56
Invok: Berserk           |     2 |     4 |     1 ||     7
Armor: Animal skin       |     8 |       |       ||     8
       Ring mail         |     6 |    64 |     4 ||    74
Dodge: Dodged            |    32 |   128 |    12 ||   172

Table legend: (Time is in decaauts)
 A = Elapsed time spent in this place.
 B = Non-inter-level travel time spent in this place.
 C = Inter-level travel time spent in this place.
 D = Time resting spent in this place.
 E = Time spent auto-exploring this place.
 F = Levels seen in this place.
 G = Mean time per level.
                   A        B        C        D        E       F      G
               +--------+--------+--------+--------+--------+-----+--------+
         Total |   4672 |   4453 |    219 |     51 |   3832 |   4 | 1168.0 |
       Dungeon |   4672 |   4453 |    219 |     51 |   3832 |   4 | 1168.0 |
               +--------+--------+--------+--------+--------+-----+--------+

Top non-repeatable levels by time:
     D:1: 1688 daAuts
     D:3: 1128 daAuts
     D:2: 1060 daAuts
     D:4: 795 daAuts
